Map: Catalyst LE

Players

SamuraiFunn

  • Race: Protoss Protoss
  • League: Platinum
  • Spawn Location: 11:00

A.I. 1 (Very Hard) - Winner!

  • Race: Protoss Protoss
  • Spawn Location: 5:00

VOD

Have the link to the VOD?

Description

Time

  • Played on: Nov. 30, 2017, 10:48 p.m.
  • Length: 15:03
Show
View Real Time Build Order
Export as new Build Order

SamuraiFunn Protoss 

Build Orders:  

Get SALT Encoding   

  12  0:01  Probe  
  13  0:13  Probe  
  14  0:21  Pylon  
  14  0:25  Probe  
  15  0:39  Probe  
  16  0:51  Probe (Chrono Boost)  
  16  0:55  Gateway  
  17  1:03  Probe (Chrono Boost)  
  18  1:08  Assimilator  
  18  1:11  Probe (Chrono Boost)  
  19  1:12  Pylon  
  19  1:17  Probe  
  20  1:29  Probe  
  21  1:42  Probe  
  21  1:43  Cybernetics Core  
  21  1:44  Zealot  
  24  1:54  Probe  
  25  2:00  Nexus  
  25  2:06  Probe  
  26  2:11  Assimilator  
  26  2:18  Probe  
  27  2:30  Probe  
  27  2:34  Pylon  
  28  2:42  Stalker  
  30  2:46  Probe  
  31  2:58  Probe  
  32  3:09  Gateway  
  32  3:13  Pylon  
  32  3:15  Probe x2  
  32  3:16  Assimilator  
  34  3:40  Robotics Facility  
  34  3:43  Twilight Council  
  34  3:44  Probe (Chrono Boost)  
  36  3:52  Probe (Chrono Boost)  
  36  3:54  Stalker  
  36  3:55  Warp Gate (Chrono Boost)  
  39  3:56  Probe (Chrono Boost)  
  39  3:58  Probe, Assimilator  
  40  4:04  Probe  
  41  4:11  Probe  
  41  4:14  Stalker  
  41  4:16  Probe  
  45  4:23  Probe  
  46  4:26  Stalker  
  46  4:31  Probe  
  49  4:41  Probe  
  49  4:44  Blink (Chrono Boost)  
  51  4:46  Observer  
  51  4:50  Probe  
  53  5:07  Observer  
  53  5:09  Pylon  
  53  5:10  Gateway  
  53  5:13  Probe x2  
  59  5:28  Immortal  
  59  5:29  Forge  
  59  5:31  Forge  
  59  5:37  Probe  
  59  5:38  Probe, Stalker  
  59  5:39  Stalker  
  65  5:50  Robotics Facility  
  65  5:52  Pylon  
  65  5:58  Probe x2  
  67  6:08  Nexus  
  67  6:09  Pylon  
  67  6:10  Probe x2  
  69  6:12  Pylon, Immortal  
  69  6:14  Pylon  
  73  6:20  Protoss Ground Armor Level 1 (Chrono Boost), Protoss Ground Weapons Level 1 (Chrono Boost)  
  73  6:28  Probe x2  
  73  6:30  Pylon  
  75  6:50  Immortal  
  75  6:52  Immortal  
  83  7:06  Probe x2  
  85  7:17  Stalker x3  
  85  7:18  Probe x2  
  93  7:27  Dark Shrine  
  93  7:30  Gateway  
  93  7:32  Gateway  
  93  7:33  Immortal  
  93  7:35  Gateway  
  97  7:38  Robotics Facility  
  97  7:42  Probe x3  
  100  7:53  Stalker x2  
  100  7:54  Probe x2, Stalker  
  100  7:56  Immortal  
  112  8:01  Assimilator  
  112  8:04  Probe  
  113  8:06  Probe, Assimilator  
  113  8:12  Protoss Shields Level 1 (Chrono Boost)  
  114  8:13  Protoss Ground Armor Level 2 (Chrono Boost)  
  114  8:15  Probe  
  114  8:16  Probe  
  114  8:19  Pylon  
  116  8:23  Probe  
  117  8:27  Probe  
  117  8:28  Probe  
  117  8:33  Stalker x3  
  125  8:37  Immortal x2  
  133  8:51  Pylon  
  133  8:53  Pylon  
  133  8:58  Pylon  
  133  9:09  Immortal  
  135  9:17  Observer x2  
  137  9:32  Probe x2  
  137  9:35  Stalker x2  
  137  9:36  Stalker  
  143  9:54  Immortal x2  
  143  9:58  Stalker x3  
  157  10:06  Pylon  
  157  10:08  Pylon  
  157  10:12  Pylon  
  157  10:16  Pylon  
  157  10:20  Pylon  
  157  10:33  Warp Prism x2  
  137  10:51  Stalker x3  
  137  10:52  Stalker x3  
  125  11:09  Immortal x2  
  133  11:21  Stalker x5  
  133  11:22  Stalker  
  141  11:50  Protoss Ground Weapons Level 2 (Chrono Boost)  
  141  11:51  Robotics Bay, Protoss Ground Armor Level 3 (Chrono Boost)  
  149  11:54  Nexus, Immortal x2  
  149  11:58  Pylon  
  149  11:59  Pylon  
  149  12:02  Pylon  
  149  12:05  Dark Templar, Assimilator  
  149  12:06  Dark Templar x5  
  161  12:10  Assimilator  
  161  12:12  Pylon  
  161  12:14  Pylon  
  161  12:19  Pylon  
  161  12:35  Immortal x2  
  169  12:48  Stalker x4  
  169  12:49  Stalker  
  119  13:28  Stalker x4  
  105  13:53  Dark Templar x4  
  105  13:54  Dark Templar x2  
  95  14:07  Immortal x2  
  69  14:36  Stalker x4  
  69  14:37  Stalker  
Show
View Real Time Build Order
Export as new Build Order

A.I. 1 (Very Hard) Protoss - Winner!

Build Orders: Zealot Archon 

Get SALT Encoding   

  12  0:00  Probe  
  13  0:13  Probe  
  14  0:19  Pylon  
  14  0:25  Probe  
  15  0:38  Probe  
  15  0:40  Gateway  
  16  0:48  Assimilator  
  16  0:50  Probe  
  17  1:02  Probe, Pylon  
  18  1:14  Probe  
  19  1:26  Probe  
  19  1:28  Zealot  
  22  1:33  Cybernetics Core  
  22  1:38  Probe  
  23  1:50  Probe  
  24  1:58  Gateway  
  24  2:01  Pylon  
  24  2:02  Probe, Zealot  
  27  2:29  Nexus  
  27  2:32  Probe  
  27  2:36  Warp Gate  
  28  2:44  Probe, Assimilator  
  29  2:52  Adept  
  29  2:56  Probe  
  32  2:58  Adept  
  34  3:08  Probe  
  34  3:09  Pylon  
  35  3:19  Stalker  
  37  3:20  Probe  
  38  3:33  Probe  
  39  3:40  Probe  
  40  3:42  Robotics Facility  
  40  3:45  Probe  
  41  3:49  Adept  
  41  3:52  Probe  
  44  3:57  Probe  
  44  4:00  Adept  
  47  4:04  Probe  
  47  4:09  Probe  
  49  4:16  Adept  
  49  4:17  Probe  
  52  4:20  Pylon  
  52  4:21  Probe  
  53  4:29  Probe  
  54  4:32  Immortal  
  54  4:33  Probe  
  54  4:37  Stalker  
  61  4:41  Probe, Pylon  
  61  4:45  Probe  
  63  4:51  Stalker  
  65  4:53  Probe  
  65  4:57  Probe  
  65  4:59  Robotics Facility  
  67  5:02  Stalker  
  67  5:05  Probe  
  70  5:11  Immortal  
  70  5:12  Probe  
  75  5:17  Probe  
  76  5:22  Sentry, Pylon  
  76  5:24  Pylon  
  76  5:28  Twilight Council  
  78  5:39  Assimilator  
  78  5:40  Probe  
  78  5:41  Probe, Assimilator  
  80  5:47  Pylon  
  80  5:52  Gateway  
  80  5:58  Zealot  
  80  6:01  Probe x2  
  84  6:09  Templar Archives  
  84  6:13  Probe  
  84  6:14  Probe  
  86  6:19  Pylon  
  86  6:25  Probe  
  87  6:26  Forge  
  87  6:31  Forge, Stalker  
  89  6:33  Pylon  
  89  6:36  Stalker  
  91  6:46  High Templar  
  93  6:50  Gateway  
  93  6:54  Sentry  
  93  6:59  High Templar  
  97  7:02  Photon Cannon  
  97  7:04  Pylon  
  97  7:08  Protoss Ground Weapons Level 1, Warp Prism  
  99  7:14  Observer  
  100  7:16  Nexus  
  100  7:17  Sentry  
  100  7:19  Stalker  
  100  7:20  Archon  
  104  7:24  Photon Cannon  
  104  7:26  Photon Cannon  
  104  7:31  Stalker  
  104  7:32  Pylon  
  106  7:40  High Templar  
  106  7:42  Zealot  
  110  7:47  High Templar  
  112  7:53  Warp Prism  
  112  7:55  Stalker  
  116  8:02  Stalker  
  118  8:08  Pylon  
  118  8:09  Archon  
  118  8:13  Photon Cannon, High Templar  
  118  8:18  Gateway, Stalker  
  121  8:28  Probe x2  
  121  8:29  Probe, High Templar  
  121  8:34  Stalker  
  128  8:39  Assimilator  
  128  8:40  Probe  
  129  8:41  Probe x2  
  129  8:45  Pylon  
  129  8:48  Assimilator  
  131  8:51  Archon  
  131  8:52  High Templar, Probe  
  131  8:54  Probe x2  
  131  8:55  Photon Cannon  
  136  8:58  Protoss Ground Armor Level 1  
  136  9:04  Probe  
  136  9:05  Photon Cannon  
  136  9:06  Probe x2  
  136  9:07  Pylon  
  139  9:11  High Templar  
  139  9:17  Probe  
  142  9:18  Probe, Immortal  
  142  9:19  Probe  
  148  9:28  Psionic Storm, Photon Cannon  
  148  9:29  Probe  
  148  9:30  Probe, Archon  
  148  9:31  Photon Cannon  
  150  9:39  High Templar  
  150  9:44  Pylon  
  152  9:49  High Templar  
  154  9:54  Gateway  
  154  9:55  Immortal  
  154  9:58  Nexus, Stalker  
  160  10:01  Archon, Stalker  
  160  10:04  Photon Cannon  
  160  10:06  Observer, Pylon  
  163  10:16  Sentry  
  165  10:23  Sentry  
  165  10:27  Observer  
  165  10:28  Zealot x3  
  172  10:29  Pylon  
  172  10:35  Robotics Facility  
  172  10:36  Immortal  
  172  10:37  Probe  
  172  10:39  Probe, Zealot  
  172  10:42  Archon  
  161  10:43  Archon x2  
  161  10:45  Zealot  
  161  10:48  Photon Cannon, High Templar, Zealot x2  
  161  10:49  Zealot  
  151  10:55  Assimilator  
  135  11:01  High Templar  
  127  11:06  Adept  
  127  11:07  Photon Cannon  
  127  11:08  Zealot  
  127  11:09  Adept, Stalker  
  127  11:10  Archon  
  135  11:12  Probe x4  
  139  11:20  High Templar  
  141  11:25  Assimilator  
  141  11:26  Zealot  
  141  11:28  Zealot  
  141  11:29  Zealot  
  141  11:32  Zealot  
  139  11:33  High Templar  
  139  11:41  Assimilator  
  139  11:46  Zealot  
  141  11:48  Immortal, Stalker  
  141  11:49  Stalker  
  141  11:52  Zealot  
  141  11:53  Stalker  
  153  11:54  Immortal  
  153  11:55  Archon  
  157  12:05  High Templar  
  157  12:07  Zealot, Warp Prism  
  163  12:12  High Templar  
  163  12:14  Stalker  
  167  12:16  Stalker  
  167  12:18  Stalker  
  171  12:23  Pylon  
  171  12:27  Adept  
  171  12:28  Immortal  
  177  12:33  Archon  
  177  12:37  Sentry  
  179  12:38  Adept  
  179  12:39  Stalker  
  179  12:42  Robotics Bay  
  183  12:46  Photon Cannon  
  183  12:48  Pylon  
  183  12:54  Adept  
  185  13:01  Archon  
  185  13:06  Immortal  
  185  13:08  Zealot  
  185  13:09  Zealot  
  185  13:11  Zealot  
  191  13:13  Zealot  
  191  13:14  Zealot  
  191  13:16  Zealot  
  163  13:28  Zealot  
  163  13:29  Disruptor, Adept  
  163  13:31  Probe, Zealot, Colossus  
  163  13:32  Probe  
  163  13:33  Zealot  
  163  13:34  Probe  
  178  13:36  Probe  
  168  13:43  Probe, Zealot  
  168  13:45  Probe  
  168  13:46  Probe  
  168  13:47  Zealot  
  168  13:48  Probe  
  160  13:49  Zealot  
  160  13:54  Sentry  
  160  13:55  Probe  
  154  13:56  Zealot  
  154  13:58  Sentry  
  154  14:00  Probe x3  
  145  14:04  Sentry  
  145  14:07  Probe  
  145  14:08  Sentry  
  145  14:09  Stalker  
  138  14:12  Probe  
  138  14:14  Probe  
  138  14:16  Probe  
  138  14:17  Sentry, Adept  
  133  14:19  Sentry, Zealot, Probe, Adept, Stalker  
  126  14:24  Probe  
  126  14:25  Zealot  
  126  14:27  Probe  
  126  14:29  Probe  
  128  14:31  Probe  
  128  14:36  Probe  
  122  14:39  Probe, Zealot  
  122  14:41  Probe  
  122  14:43  Probe  
  115  14:46  Zealot  
  115  14:48  Probe  
  117  15:00  Stalker  
Tags
 
Composition
Zealot Archon
League
Platinum
Matchup
PvP
Replay Pack
First 100 games
Spawn Locations
Cross Positions
Add a new tag
Caveats
  • Supply blocks, unpowered buildings, or Contaminate may cause inaccurate times.
  • Supply counts are checked every 10 seconds.